 Dungeon Crawl Stone Soup version 0.20.1-1-g8b1a95d (webtiles) character file.

119 vineage the Twirler (level 4, -3/34 HPs)
             Began as a Demonspawn Gladiator on Aug 19, 2017.
             Slain by Setanta's ghost (10 damage)
             ... on level 3 of the Dungeon.
             The game lasted 00:04:51 (2188 turns).

vineage the Twirler (Demonspawn Gladiator)          Turns: 2188, Time: 00:04:51

Health: -3/34      AC:  4    Str: 15 (16) XL:     4   Next: 73%
Magic:  4/4        EV: 14    Int: 11      God:
Gold:   125        SH:  0    Dex: 13 (16) Spells: 3/3 levels left

rFire    . . .     SeeInvis .   s - +2 hand axe (chop)
rCold    . . .     Gourm    .   (no shield)
rNeg     + . .     Faith    .   b - +0 leather armour
rPois    .         Spirit   .   p - +0 helmet
rElec    +         Reflect  .   (no cloak)
rCorr    +         Harm     .   (no gloves)
MR       .....                  (no boots)
Stlth    ++........             (no amulet)
Regen    0.2/turn               l - ring of positive energy
MPRegen  0.1/turn               q - ring of resist corrosion

@: lethally poisoned (-3 -> -5)
A: talons 1, repulsion field 1, agile 1, clever 1, demonic guardian 1,
nightstalker 1, electricity resistance
a: no special abilities


You were on level 3 of the Dungeon.
You were not hungry.

You visited 1 branch of the dungeon, and saw 3 of its levels.

You collected 125 gold pieces.

Inventory:

Hand Weapons
 a - a +0 quarterstaff
 s - a +2 hand axe of chopping (weapon)
Missiles
 d - 3 throwing nets (quivered)
Armour
 b - a +0 leather armour (worn)
 c - a +0 helmet
 p - a +0 helmet (worn)
Jewellery
 l - a ring of positive energy (left hand)
 q - a ring of resist corrosion (right hand)
 u - a +5 ring of evasion {unknown}
Scrolls
 e - a scroll of random uselessness {unknown}
 g - a scroll of recharging
 k - a scroll of teleportation
 o - a scroll of identify
Potions
 h - a potion of haste
 n - a potion of mutation
Books
 r - a book of Changes

   Spells                             Type                      Level
   a - Beastly Appendage              Transmutation                1
   b - Sticks to Snakes               Transmutation                2
   c - Spider Form                    Transmutation/Poison         3
   d - Ice Form                       Ice/Transmutation            4
   e - Blade Hands                    Transmutation                5
Comestibles
 f - 2 bread rations
 i - 7 fruits
 j - 2 royal jellies


   Skills:
 + Level 2.4 Fighting
 + Level 4.1 Staves
 + Level 1.9 Throwing
 + Level 1.2 Armour
 + Level 2.9 Dodging
 + Level 0.8 Stealth


You had 3 spell levels left.
You didn't know any spells.

Dungeon Overview and Level Annotations

Branches:
Dungeon (3/15)

Altars:
Gozag
Uskayaw

Shops:
D:3 *

Annotations:
D:3 Setanta's ghost, amateur GrCK


Innate Abilities, Weirdness & Mutations

You are surrounded by a mild repulsion field. (EV +2)
A weak demonic guardian rushes to your aid.
You are slightly more attuned to the shadows.
You have sharp toenails.
You are agile. (Dex +2)
Your mind is acute. (Int +2)
You are resistant to electric shocks. (rElec)


Message History

Your shadow imp closely misses Setanta's ghost.
You feel sick.
Setanta's ghost says: "I need scissors!
I think I chipped a nail somewhere..."
You feel sick.
Your white imp hits Setanta's ghost but does no damage.
Your ufetubus hits Setanta's ghost.
Your ufetubus hits Setanta's ghost but does no damage.
Setanta's ghost hits your ufetubus.
Your ufetubus is poisoned.
Your white imp gestures at Setanta's ghost.
The puff of frost hits Setanta's ghost.
Your ufetubus barely misses Setanta's ghost.
Your ufetubus hits Setanta's ghost.
You feel sick.
Your ufetubus dies!
Your shadow imp hits Setanta's ghost but does no damage.
Your shadow imp barely misses Setanta's ghost.
Your white imp misses Setanta's ghost.
Setanta's ghost hits you!
You die...

.....')...# ##### $# ##
######....# #. ####.#
#. #.#### ##. #....#
#.. ########....# #..
#...........# #..
#...........###### #..
#..........@...$.. #..
#........#W######## #..
#........#5.......# ##'
#........#.5......#####
#.
###.##.#.#............#
#.
#.##.#.......รท......#
#.
#.##.#....#.........#
#. # #.#....#.......###
#. #.#....#.......# #.


You could see Setanta's ghost and a friendly white imp.

Vanquished Creatures
  Natasha (D:2)
  Robin (D:2)
  An adder (D:3)
  2 oozes
  A worm (D:2)
  2 dart slugs
  A leopard gecko (D:1)
  An orc (D:3)
  6 bats
  3 giant cockroaches
  7 goblins (D:2)
  7 hobgoblins
  4 jackals
  3 frilled lizards
  9 kobolds
  6 rats
55 creatures vanquished.

Vanquished Creatures (collateral kills)
  Natasha (D:2)
  A kobold (D:2)
2 creatures vanquished.

Grand Total: 57 creatures vanquished

Notes
Turn   | Place    | Note
-------+----------+-------------------------------------------
     0 | D:1      | vineage the Demonspawn Gladiator began the quest for the Orb.
     0 | D:1      | Reached XP level 1. HP: 16/16 MP: 1/1
   365 | D:1      | Reached skill level 3 in Staves
   383 | D:1      | Gained mutation: A weak demonic guardian rushes to your aid. [demonic ancestry]
   383 | D:1      | Reached XP level 2. HP: 21/22 MP: 2/2
   804 | D:2      | Noticed Natasha
   812 | D:2      | Killed Natasha
   812 | D:2      | Gained mutation: You are slightly more attuned to the shadows. [demonic ancestry]
   812 | D:2      | Reached XP level 3. HP: 15/27 MP: 3/3
  1008 | D:2      | Noticed Natasha
  1010 | D:2      | Killed Natasha
  1279 | D:2      | Gained mutation: You are surrounded by a mild repulsion field. (EV +2) [demonic ancestry]
  1279 | D:2      | Reached XP level 4. HP: 31/33 MP: 4/4
  1328 | D:2      | Noticed Robin
  1330 | D:2      | Reached skill level 1 in Armour
  1349 | D:2      | Killed Robin
  1628 | D:3      | Reached skill level 4 in Staves
  1787 | D:3      | Found Gozag's Platinum Reserve.
  1809 | D:3      | Found an opulent altar of Gozag.
  1901 | D:3      | Found a hide-covered altar of Uskayaw.
  1909 | D:3      | Noticed Setanta's ghost (amateur GrCK)
  1924 | D:3      | Gained mutation: You are resistant to electric shocks. (rElec) [potion of mutation]
  1924 | D:3      | Gained mutation: You have sharp toenails. [potion of mutation]
  1924 | D:3      | Gained mutation: You are agile. (Dex +2) [potion of mutation]
  1924 | D:3      | Gained mutation: Your mind is acute. (Int +2) [potion of mutation]
  2188 | D:3      | Slain by Setanta's ghost

Skill      XL: |  1  2  3  4 |
---------------+-------------+-----
Staves         | 3 4 |  4.1
Armour         | 1 |  1.2
Fighting       | |  2.4
Throwing       | |  1.9
Dodging        | |  2.9
Stealth        | |  0.8

Action                   |  1- 3 |  4- 6 || total
-------------------------+-------+-------++-------
Melee: Quarterstaff      |    85 |    56 ||   141
       Hand axe          |       |    28 ||    28
       Kick              |       |     1 ||     1
  Use: Potion            |       |     6 ||     6
       Scroll            |       |     3 ||     3
 Stab: Distracted        |     1 |       ||     1
       Sleeping          |     5 |     5 ||    10
  Eat: Chunk             |     1 |     2 ||     3
       Fruit             |       |     2 ||     2
Armor: Leather armour    |    21 |    20 ||    41
Dodge: Dodged            |    43 |    57 ||   100
